 Dungeon Crawl Stone Soup version 0.26-a0-689-gc93c913f66 (webtiles) character file.

Game seed: 7858169072175079833

123 Chiseanne the Covert (level 4, -14/23 HPs)
             Began as a Spriggan Delver on Oct 23, 2020.
             Blown up by Joseph (15 damage)
             ... with a disintegration bolt
             ... on level 8 of the Dungeon.
             The game lasted 00:03:53 (773 turns).

Chiseanne the Covert (Spriggan Delver)               Turns: 773, Time: 00:03:53

Health: -14/23     AC:  2    Str:  8    XL:     4   Next: 79%
Magic:  5/5        EV: 20    Int: 11    God:
Gold:   58         SH:  0    Dex: 18    Spells: 3/3 levels left

rFire    . . .     SeeInvis +   a - +0 short sword
rCold    . . .     Faith    .   (shield restricted)
rNeg     . . .     Spirit   .   b - +0 robe
rPois    .         Reflect  .   (helmet restricted)
rElec    .         Harm     .   (no cloak)
rCorr    .         Rampage  .   (gloves unavailable)
MR       .....                  (boots unavailable)
Stlth    ++++......             (no amulet)
HPRegen  0.07/turn              (no ring)
MPRegen  0.09/turn              (no ring)

@: hasted, very quick
A: very small, unfitting armour, see invisible, speed 3
a: no special abilities


You were on level 8 of the Dungeon.
You visited 1 branch of the dungeon, and saw 4 of its levels.

You collected 58 gold pieces.

Inventory:

Hand Weapons
 a - a +0 short sword (weapon)
 k - the +6 spear of the Special Knaves {vorpal, Dex+4, unknown}
   (You found it on level 7 of the Dungeon)

   It inflicts extra damage upon your enemies.
   It affects your dexterity (+4).
Armour
 b - a +0 robe (worn)
Jewellery
 l - a cursed amulet of inaccuracy {unknown}
Wands
 g - a wand of digging (3)
 m - a wand of flame (17)
Scrolls
 c - a scroll of fog
 d - a scroll of magic mapping
 e - a scroll of fear
 h - 2 scrolls of teleportation {unknown}
 j - a scroll of identify {unknown}
Potions
 i - a potion of stabbing


   Skills:
 - Level 2.4 Fighting
 + Level 3.3 Short Blades
 + Level 4.4 Dodging
 * Level 9.0 Stealth


You had 3 spell levels left.
You didn't know any spells.
Your spell library contained the following spells:

 Spells                   Type           Power        Failure   Level
 Animate Skeleton         Necr           #.....       34%         1
 Pain                     Necr           #...         34%         1
 Vampiric Draining        Necr           #.........   71%         3
 Animate Dead             Necr           #.........   98%         4
 Agony                    Necr           #.......     100%        5


Dungeon Overview and Level Annotations

Branches:
Dungeon (8/15)
 Temple: D:4-7         Lair: D:8-11

Altars:
Okawaru
Xom

Annotations:
D:7 Pikel
D:8 Joseph, Maurice


Innate Abilities, Weirdness & Mutations

You are very small and have problems with some larger weapons.
You are too small for most types of armour.
You have supernaturally acute eyesight. (SInv)
You cover ground extremely quickly.


Message History

The orc is almost dead.
The orc wizard barely misses you. The orc closely misses you.
You hit the orc.
You kill the orc!
Your Stealth skill increases to level 9!
The orc wizard hits you but does no damage.
Things that are here:
a +0 hand axe; a +0 leather armour The orc wizard casts a spell.
The orc wizard blinks!
Maurice zaps a wand.
You easily resist.
A black bear comes into view.
Joseph, a Mercenary comes into view.
He is wielding a +2 spectral quarterstaff and carrying a wand of disintegration (13).
Found a dark potion.
Joseph shouts!
You hear an angry growl.
The orc wizard points at you and mumbles some strange words.
The magic dart hits you!
* * * LOW HITPOINT WARNING * * *
Joseph zaps a wand.
You are blasted!
Ouch! That really hurt!
You die...

..#. . ... . #..# .#
.!. .. .( .. #@ ..
#.## ..########..
#.@# ..<##........
##.## .......###
.#.##..###
.#l##....#...h...o..#
......##............#
#...### ............#
.....#...###...###.##
#......#........##.#
..#.[###.#.......#.#


You could see Joseph, an orc wizard (fast) and a +2 spectral quarterstaff
(summoned).

Vanquished Creatures
  An ogre (D:5)
  A worker ant (D:8)
  A white imp (D:7)
  An adder zombie (D:7)
  2 orcs
6 creatures vanquished.

Notes
Turn   | Place    | Note
-------+----------+-------------------------------------------
     0 | D:5      | Chiseanne the Spriggan Delver began the quest for the Orb.
     0 | D:5      | Reached XP level 1. HP: 11/11 MP: 2/2
    63 | D:4      | Noticed an orc wizard
    91 | D:5      | Noticed an ogre
   104 | D:5      | Killed an ogre
   104 | D:5      | Reached skill level 8 in Stealth
   104 | D:5      | Reached XP level 2. HP: 16/16 MP: 3/3
   104 | D:5      | Reached XP level 3. HP: 19/19 MP: 4/4
   104 | D:5      | Reached XP level 4. HP: 23/23 MP: 5/5
   113 | D:5      | You fall into a shaft and drop 2 floors!
   113 | D:7      | Noticed a two-headed ogre
   120 | D:7      | Noticed Pikel
   120 | D:7      | Noticed a lemure
   120 | D:7      | Noticed a lemure
   136 | D:7      | Noticed a lemure
   139 | D:8      | Noticed an ogre
   139 | D:8      | Noticed a bullfrog
   140 | D:8      | Noticed a sky beast
   143 | D:8      | Noticed a necrophage
   177 | D:8      | Noticed an orc warrior
   204 | D:7      | Found an iron altar of Okawaru.
   475 | D:7      | Noticed a bullfrog
   600 | D:7      | Noticed a lemure
   606 | D:7      | Got a dazzling spear
   664 | D:8      | Noticed a sky beast
   691 | D:7      | Identified the +2 ring mail of Philately {MR- Int+2 Dex+9}
   698 | D:7      | Found a shimmering altar of Xom.
   719 | D:8      | Noticed Maurice
   760 | D:8      | Reached skill level 9 in Stealth
   767 | D:8      | Noticed a black bear
   768 | D:8      | Noticed Joseph
   773 | D:8      | HP: 1/23 [orc wizard/magic dart (8)]
   773 | D:8      | Blown up by Joseph

Illustrated notes

Levels and vault maps discovered:
D:4:      layout_gridville, uniq_sigmund
D:5:      layout_basic, minmay_temple_entry_glass, serial_shops, shop
D:7:      layout_basic, okawaru_ov_weapons_minmay, lemuel_crystal_altar,
          nicolae_ossuary_entry_false_entrances, uniq_pikel
D:8:      layout_rooms, grunt_decor_arrowhead, grunt_decor_one_mirror,
          nrook_campfire, uniq_maurice, uniq_joseph, uniq_gastronok

Skill      XL: |  1  2  3  4 |
---------------+-------------+-----
Short Blades   | 3 |  3.3
Dodging        | 4 |  4.4
Stealth        | 8 9 |  9.0
Fighting       | |  2.4

Action                   |  1- 3 |  4- 6 || total
-------------------------+-------+-------++-------
Melee: Short sword       |     6 |    34 ||    40
  Use: Potion            |       |     3 ||     3
 Stab: Sleeping          |     1 |     2 ||     3
Armor: Robe              |       |     1 ||     1
Dodge: Dodged            |     4 |    39 ||    43

Table legend: (Time is in decaauts)
 A = Elapsed time spent in this place.
 B = Non-inter-level travel time spent in this place.
 C = Inter-level travel time spent in this place.
 D = Time resting spent in this place.
 E = Time spent auto-exploring this place.
 F = Levels seen in this place.
 G = Mean time per level.
                   A        B        C        D        E       F      G
               +--------+--------+--------+--------+--------+-----+--------+
         Total |    592 |    592 |      0 |    267 |      0 |   4 |  148.0 |
       Dungeon |    592 |    592 |      0 |    267 |      0 |   4 |  148.0 |
               +--------+--------+--------+--------+--------+-----+--------+

Top non-repeatable levels by time:
     D:7: 429 daAuts
     D:8: 87 daAuts
     D:5: 49 daAuts
     D:4: 26 daAuts
